 Dungeon Crawl Stone Soup version 0.30.1-8-g117510f58f (webtiles) character file.

Game seed: 18305680133508272973

3313 soggyman666 the Cleaver (level 10, -4/61 HPs)
             Began as a Gargoyle Fighter on Sept 24, 2023.
             Was an Elder of Okawaru.
             Hit by a javelin thrown by a centaur (7 damage)
             ... in a bailey.
             The game lasted 00:21:51 (5970 turns).

soggyman666 the Cleaver (Gargoyle Fighter)          Turns: 5970, Time: 00:21:52

Health: -4/61      AC: 14    Str: 27    XL:     10   Next: 1%
Magic:  0/10       EV: 11    Int:  9    God:    Okawaru [****..]
Gold:   1164       SH:  7    Dex:  9    Spells: 9/9 levels left

rFire   . . .        f - +9 hand axe of Melee {heavy, Will+ Str+3}
rCold   + . .        c - +2 buckler
rNeg    + . .        x - +3 leather armour {rC+}
rPois   ∞            (no helmet)
rElec   +            r - scarf {+Inv}
rCorr   .            (no gloves)
SInv    .            (no boots)
Will    +....        j - amulet of guardian spirit
Stlth   +            p - ring of flight
HPRegen 0.30/turn    (no ring)
MPRegen 0.12/turn

%: guardian spirit
@: flying
A: sickness immunity, AC +7, negative energy resistance 1, electricity
resistance, torment resistance 1, petrification resistance
a: Renounce Religion, Evoke Invisibility, Heroism, Finesse


You were in a bailey.
You worshipped Okawaru.
Okawaru was greatly pleased with you.
You visited 1 branch of the dungeon, and saw 7 of its levels.
You also visited: Ossuary and Bailey.

You collected 1164 gold pieces.

Inventory:

Hand Weapons
 f - the +9 hand axe of Melee (weapon) {heavy, Will+ Str+3}
   (You acquired it in an ossuary)

   Str:       It affects your strength (+3).
   Will:      It increases your willpower.
Armour
 b - a +0 scale mail
 c - a +2 buckler (worn)
 r - a scarf of invisibility (worn)
 x - a +3 leather armour of cold resistance (worn)
Jewellery
 j - an amulet of guardian spirit (around neck)
 p - a ring of flight (left hand)
 z - a ring of protection from cold
Wands
 y - a wand of polymorph (13)
Scrolls
 g - a scroll of brand weapon {unknown}
 n - a scroll of noise {unknown}
 q - a scroll of fear {unknown}
 t - a scroll of magic mapping {unknown}
 u - a scroll of vulnerability {unknown}
Potions
 d - 3 potions of might
 e - a potion of resistance {unknown}
 h - 3 potions of haste {unknown}
 k - a potion of ambrosia {unknown}
 l - 6 potions of curing
 m - 2 potions of lignification {unknown}
 o - 3 potions of attraction {unknown}
 s - 2 potions of flight {unknown}
 v - a potion of invisibility {unknown}
 w - a potion of degeneration {unknown}


   Skills:
 + Level 6.8 Fighting
 + Level 9.3 Axes
 + Level 6.6 Armour
 + Level 2.9 Dodging
 + Level 5.8 Shields


You had 9 spell levels left.
You didn't know any spells.
Your spell library contained the following spells:

 Spells                   Type           Power      Damage    Failure   Level
 Necrotise                Necr           0%         1d4       45%         1
 Vampiric Draining        Necr           0%         2d6       83%         3
 Anguish                  Hex/Necr       0%         N/A       99%         4
 Cause Fear               Hex            0%         N/A       99%         4
 Agony                    Necr           0%         N/A       100%        5
 Enfeeble                 Hex            0%         N/A       100%        7


Dungeon Overview and Level Annotations

Branches:
Dungeon (7/15)             Temple (0/1) D:4         Ossuary (visited)
 Bailey (1/1)

Altars:
Okawaru
Qazlal
Vehumet
Xom

Annotations:
D:3 2 runed translucent doors, SirLogeyBear's ghost, amateur HOBe


Innate Abilities, Weirdness & Mutations

You are immune to sickness and miasma.
Your stone body is resilient. (AC +7)
You are immune to poison.
You resist negative energy. (rN+)
You are resistant to electric shocks. (rElec)
You are resistant to unholy torment.
You are immune to petrification.


Message History

There is a fountain of clear blue water here.
The centaur throws a javelin.
The javelin pierces through you but does no damage.
There is a gate leading back out of this place here.
Okay, then.
You feel better.
The centaur throws a javelin.
The javelin pierces through you.
* * * LOW HITPOINT WARNING * * *
The centaur throws a javelin.
The javelin barely misses you.
There is an open door here.
You reach down and close the door.
Something unseen breaks down the door.
The orc warrior barely misses you.
There is an open gate here.
The orc warrior barely misses you.
A centaur comes into view. It is wielding a +0 trident.
The centaur shouts!
You hear a shout!
The centaur throws a javelin.
The javelin pierces through you.
The orc warrior hits you from afar with a +0 halberd!
* * * LOW HITPOINT WARNING * * *
The centaur throws a javelin.
The javelin pierces through you.
* * * LOW HITPOINT WARNING * * *
The orc warrior hits you with a +0 halberd.
* * * LOW HITPOINT WARNING * * *
The centaur throws a javelin.
The javelin pierces through you.
* * * LOW HITPOINT WARNING * * *
You hit the orc warrior but do no damage.
The orc warrior is almost dead.
The centaur throws a javelin.
The javelin pierces through you!
* * * LOW HITPOINT WARNING * * *
The javelin pierces through the orc warrior.
The orc warrior hits you with a +0 halberd.
* * * LOW HITPOINT WARNING * * *
The orc warrior barely misses you.
You slash the orc warrior!
You kill the orc warrior!
Okawaru accepts your kill.
You hear a splash. x2
The centaur throws a javelin.
The javelin pierces through you!
You die...

.....≈~≈~≈.....≈
....≈≈~≈~≈≈....≈
....≈~≈≈≈~≈.....
....≈~≈?≈~≈.....
....≈~≈}≈~≈.....
....≈~≈}≈~≈.....
....≈~≈~≈~≈.....
....≈≈~)~≈≈....≈
....c≈≈@≈≈.....≈
≈.⌠..≈≈≈≈≈..⌠.≈≈
≈....o≈≈≈.....≈.
≈≈≈...oo....≈≈≈.
..≈≈≈.....≈≈≈..≈
≈≈.c≈#...#≈..≈≈≈
≈≈≈≈.#...#.≈≈≈≈≈
≈≈≈≈≈#...#≈≈≈≈≈≈
≈≈≈≈ #...#≈≈≈≈≈≈


You could see 3 orc warriors and 2 centaurs.

Vanquished Creatures
  Pikel (D:6)
  A wyvern (D:7)
  Eustachio (D:6)
  Edmund (D:6)
  A water moccasin (D:6)
  A black bear (D:5)
  An ice beast (D:6)
  3 orc warriors (Bailey)
  5 centaurs
  An ogre (D:6)
  3 lemures (D:6)
  2 elf zombies (Ossuary)
  A phantom (D:6)
  A bullfrog (D:6)
  A scorpion (D:5)
  4 elf skeletons (D:4)
  An orc priest (D:7)
  2 centaur zombies (Ossuary)
  2 human zombies
  A jelly (D:5)
  4 hounds
  5 human skeletons (D:4)
  4 sleepcaps
  An iguana (D:6)
  2 orc wizards (D:7)
  2 mummies (Ossuary)
  7 gnolls
  5 adders
  4 white imps
  An adder zombie (Ossuary)
  3 dart slugs
  A worm (D:2)
  30 orcs
  8 endoplasms
  5 giant cockroaches
  6 goblins
  4 hobgoblins
  4 jackals (D:5)
  7 kobolds
  7 quokkas
  6 ball pythons
  6 bats
  4 frilled lizards
  A goblin zombie (Ossuary)
  6 hobgoblin zombies (Ossuary)
  A jackal zombie (Ossuary)
  11 kobold zombies (Ossuary)
  An orc skeleton (D:4)
  12 orc zombies (Ossuary)
  3 rats
195 creatures vanquished.

Notes
Turn   | Place    | Note
-------+----------+-------------------------------------------
     0 | D:1      | soggyman666 the Gargoyle Fighter began the quest for the
                  | Orb.
     0 | D:1      | Reached XP level 1. HP: 14/14 MP: 1/1
   112 | D:1      | Reached skill level 2 in Axes
   114 | D:1      | Reached XP level 2. HP: 19/19 MP: 2/2
   562 | D:2      | Reached XP level 3. HP: 24/24 MP: 3/3
  1039 | D:3      | Reached XP level 4. HP: 29/29 MP: 4/4
  1180 | D:3      | Found a stormy altar of Qazlal.
  1266 | D:3      | Found an iron altar of Okawaru.
  1276 | D:3      | Became a worshipper of Warmaster Okawaru
  1441 | D:3      | Found a large runed translucent door.
  1441 | D:3      | Found a large runed translucent door.
  1443 | D:3      | Noticed SirLogeyBear's ghost (amateur HOBe)
  1600 | D:3      | Reached skill level 3 in Axes
  1838 | D:4      | Reached XP level 5. HP: 20/33 MP: 5/5
  2227 | D:4      | Reached skill level 4 in Axes
  2227 | D:4      | Reached XP level 6. HP: 25/38 MP: 6/6
  2243 | D:4      | Reached * piety under Okawaru
  2261 | D:4      | Reached skill level 1 in Dodging
  2370 | D:4      | Reached skill level 5 in Axes
  2370 | D:4      | Reached XP level 7. HP: 44/44 MP: 7/7
  2371 | D:4      | Found a sand-covered staircase.
  2495 | D:4      | Found a staircase to the Ecumenical Temple.
  2553 | Ossuary  | Entered an ossuary
  2701 | Ossuary  | Reached ** piety under Okawaru
  2709 | Ossuary  | Reached skill level 6 in Axes
  2727 | Ossuary  | Reached XP level 8. HP: 33/48 MP: 8/8
  2856 | Ossuary  | Identified 2 scrolls of acquirement
  2858 | Ossuary  | Acquired the +9 hand axe of Melee {heavy, Will+ Str+3}
  2862 | Ossuary  | Acquired 789 gold pieces
  3391 | D:5      | Entered Level 5 of the Dungeon
  3399 | D:5      | Reached skill level 5 in Armour
  3584 | D:5      | Reached skill level 5 in Fighting
  3933 | D:5      | Reached skill level 7 in Axes
  4399 | D:6      | Noticed Eustachio
  4401 | D:6      | Noticed Pikel
  4419 | D:6      | Killed Pikel
  4419 | D:6      | Reached *** piety under Okawaru
  4420 | D:6      | Reached skill level 8 in Axes
  4420 | D:6      | Reached XP level 9. HP: 9/55 MP: 1/9
  4427 | D:6      | Killed Eustachio
  4428 | D:6      | Reached skill level 5 in Shields
  4617 | D:6      | Identified the +10 sling of Parts Unknown {flame, rElec
                  | rF++ rN++}
  4699 | D:6      | Noticed Edmund
  4713 | D:6      | Killed Edmund
  4713 | D:6      | Reached **** piety under Okawaru
  4914 | D:6      | Found a radiant altar of Vehumet.
  4998 | D:6      | Found a shimmering altar of Xom.
  5290 | D:7      | Reached skill level 9 in Axes
  5422 | D:7      | Found a flagged portal.
  5440 | Bailey   | Entered a bailey
  5806 | Bailey   | Reached XP level 10. HP: 52/61 MP: 7/10
  5969 | Bailey   | HP: 3/61 [centaur/javelin (5)]
  5970 | Bailey   | Hit by a javelin thrown by a centaur

Illustrated notes

Levels and vault maps discovered:
D:1:      lemuel_arrival_muddy, layout_basic, minmay_pentomino_w4
D:2:      layout_basic
D:3:      layout_basic, amcnicky_altar_gilded, okawaru_trees_1,
          ebering_ghost_disaster_area, interstate_on_off
D:4:      layout_basic, minmay_temple_entry_butterflies,
          nicolae_ossuary_entry_catacombs, chequers_decorated_corner
D:5:      layout_basic, serial_bayou_pond_b
D:6:      layout_basic, tgw_xom, fiery_altar_vehumet, uniq_eustachio,
          uniq_edmund, uniq_pikel
D:7:      layout_basic, enter_bailey_2, lemuel_flamethrower_1
Bailey:   bailey_polearm_flooded_kennysheep, bailey

Skill      XL: |  1  2  3  4  5  6  7  8  9 |
---------------+----------------------------+-----
Axes           | 2 3 4 5 6 8 9 |  9.3
Armour         | 4 6 |  6.6
Fighting       | 4 5 6 |  6.8
Dodging        | 1 2 |  2.9
Shields        | 4 5 |  5.8

Action                     |  1- 3 |  4- 6 |  7- 9 | 10-12 || total
---------------------------+-------+-------+-------+-------++-------
  Melee: War axe           |    96 |   179 |   134 |       ||   409
         Hand axe          |       |       |   175 |     5 ||   180
    Use: Scroll            |       |     6 |     8 |     2 ||    16
         Potion            |       |       |       |     1 ||     1
 Armour: Scale mail        |    58 |    94 |   135 |       ||   287
         Leather armour    |       |       |    61 |    11 ||    72
  Dodge: Dodged            |    55 |    66 |   193 |    19 ||   333
  Block: Buckler           |    31 |    28 |   108 |     1 ||   168
